 Dungeon Crawl Stone Soup version 0.30-a0-591-g3c58d2bc28 (webtiles) character file.

Game seed: 10804997659085777583

189 oldriver the Slasher (level 5, -18/48 HPs)
             Began as an Armataur Warper on Jan 6, 2023.
             Shot with an arrow by a centaur (22 damage)
             ... on level 4 of the Dungeon.
             The game lasted 00:05:34 (2791 turns).

oldriver the Slasher (Armataur Warper)              Turns: 2791, Time: 00:05:34

Health: -18/48     AC:  9    Str: 19    XL:     5   Next: 40%
Magic:  7/7        EV:  8    Int: 13    God:
Gold:   110        SH:  0    Dex:  9    Spells: 7/7 levels left

rFire   . . .      SeeInvis .    D - +1 short sword (venom)
rCold   . . .      Faith    .    (no shield)
rNeg    . . .      Spirit   .    q - +0 ring mail
rPois   .          Reflect  .    (no helmet)
rElec   .          Harm     .    (no cloak)
rCorr   .          Roll     +    (no gloves)
Will    .....                    (no barding) Stlth
                                 (no amulet)
HPRegen 0.28/turn                g - +4 ring of protection
MPRegen 0.10/turn                (no ring)

@: no status effects
A: large, rugged brown scales 3, deformed body, armoured tail, roll, long
tongue, awkward tongue
a: no special abilities


You were on level 4 of the Dungeon.
You visited 1 branch of the dungeon, and saw 4 of its levels.
You also visited: Sewer.

You collected 110 gold pieces.

Inventory:

Hand Weapons
 D - a +1 short sword of venom (weapon)
Missiles
 d - a boomerang of dispersal
 p - 4 stones (quivered)
 u - 7 poisoned darts
Armour
 q - a +0 ring mail (worn)
 t - a +2 pair of boots
 B - a +0 hat
Jewellery
 g - a +4 ring of protection (left hand)
Scrolls
 b - a scroll of vulnerability {unknown}
 e - 5 scrolls of identify {unknown}
 f - a scroll of amnesia {unknown}
 h - a scroll of fog {unknown}
 m - 4 scrolls of magic mapping {unknown}
 s - a scroll of acquirement {unknown}
 v - a scroll of enchant armour {unknown}
 w - a scroll of immolation {unknown}
 x - a scroll of summoning {unknown}
 y - a scroll of fear {unknown}
Potions
 a - a potion of heal wounds {unknown}
 i - a potion of attraction {unknown}
 j - a potion of invisibility {unknown}
 k - 2 potions of cancellation {unknown}
 l - a potion of brilliance {unknown}
 n - a potion of curing
 o - a potion of might {unknown}
 z - 2 potions of berserk rage {unknown}
 A - a potion of magic {unknown}
 C - 2 potions of mutation {unknown}


   Skills:
 + Level 3.1 Fighting
 * Level 4.3 Long Blades
 + Level 1.1 Throwing
 + Level 1.4 Armour
 - Level 1.3 Dodging
 - Level 1.7 Spellcasting
 - Level 3.0 Translocations


You had 7 spell levels left.
You didn't know any spells.
Your spell library contained the following spells:

 Spells                   Type           Power      Damage    Failure   Level
 Blink                    Tloc           16%        N/A       21%         2
 Lesser Beckoning         Tloc           16%        N/A       36%         3
 Teleport Other           Tloc           8%         N/A       36%         3
 Sting                    Tmut/Pois      4%         1d3       41%         1
 Vhi's Electric Charge    Tloc/Air       10%        N/A       58%         3
 Manifold Assault         Tloc           8%         N/A       78%         4
 Inner Flame              Hex/Fire       1%         N/A       80%         3
 Flame Wave               Conj/Fire      1%         2d4       99%         4
 Sticky Flame             Conj/Fire      1%         2d3       99%         4


Dungeon Overview and Level Annotations

Branches:
Dungeon (4/15)              Sewer (visited)
 Temple: D:4-7

Altars:
Okawaru


Innate Abilities, Weirdness & Mutations

You are completely covered in rugged brown scales. (AC +3, +7% HP)
Armour fits poorly on your strangely shaped body.
You have a long armoured tail.
You roll when moving toward enemies. (Rampage)
Your long tongue fully drains potion bottles. (2x potion effects)
Your tongue gives you trouble enunciating. (1.5x scroll delay)


Message History

You kill the jackal!
No target in view!
No target in view!
No target in view!
No target in view!
HP restored.
You see here an iguana corpse.
u - 7 poisoned darts (gained 3)
Found a stone staircase leading down.
A jackal comes into view.
The jackal barks!
A jackal is nearby!
A jackal is nearby!
A jackal is nearby!
A jackal is nearby!
A centaur comes into view.
The centaur shouts!
You hear a shout!
The centaur wields a +0 heavy shortbow.
The centaur shoots an arrow.
The arrow hits you.
The jackal bites you but does no damage. x2
You barely miss the jackal.
The jackal bites you but does no damage.
A centaur comes into view.
The centaur shoots an arrow.
The arrow hits you.
Unknown command.
The centaur shoots an arrow.
The arrow closely misses you. The jackal bites you.
The jackal attacks as you move away! The jackal barely misses you.
The centaur shoots an arrow.
The arrow hits you!!
You see here an iguana corpse.
Unknown command.
The centaur shoots an arrow.
The arrow hits you!
* * * LOW HITPOINT WARNING * * *
The jackal closely misses you.
There is a stone staircase leading up, spattered with blood here.
Blink to where?
Press: ? - help, Dir - move target As you slowly read the scroll of blinking, it crumbles to dust.
The centaur shoots an arrow.
The arrow hits you!!
You die...

#.#.#######
.c.c....§####
#....#.†...###
##..#.........#
#........h....#
...#+#.........#
#............#
#..:.........#
#.......@....#
#....###.#####
+....+ .>#
#....###.#
#....# #.# #.#
#.# #.#


You could see a centaur and a jackal.

Vanquished Creatures
  An iguana (D:4)
  An orc wizard (D:3)
  A hell rat (Sewer)
  Terence (D:2)
  3 adders
  A worm (D:2)
  A dart slug (D:2)
  3 orcs (D:3)
  6 bats
  An endoplasm (D:3)
  5 giant cockroaches
  5 goblins
  6 hobgoblins
  A jackal (D:4)
  9 kobolds
  2 quokkas
  5 ball pythons
  4 rats
56 creatures vanquished.

Notes
Turn   | Place    | Note
-------+----------+-------------------------------------------
     0 | D:1      | oldriver the Armataur Warper began the quest for the Orb.
     0 | D:1      | Reached XP level 1. HP: 18/18 MP: 3/3
   136 | D:1      | Reached skill level 2 in Long Blades
   228 | D:1      | Found a faded altar of an unknown god.
   256 | D:1      | Reached XP level 2. HP: 25/25 MP: 4/4
   266 | D:1      | Got Plato's Spellbook of the Bane
   861 | D:2      | Reached XP level 3. HP: 31/31 MP: 5/5
   894 | D:2      | Noticed Terence
   912 | D:2      | Killed Terence
   913 | D:2      | Reached skill level 3 in Long Blades
  1367 | D:2      | Reached XP level 4. HP: 35/39 MP: 6/6
  1821 | D:3      | Found a glowing drain.
  1831 | Sewer    | Entered a sewer
  1867 | Sewer    | Reached skill level 1 in Throwing
  2032 | D:3      | Reached skill level 4 in Long Blades
  2032 | D:3      | Reached XP level 5. HP: 23/48 MP: 7/7
  2439 | D:3      | Found an iron altar of Okawaru.
  2784 | D:4      | Noticed a centaur
  2786 | D:4      | Noticed a centaur
  2791 | D:4      | Shot with an arrow by a centaur

Illustrated notes

Levels and vault maps discovered:
D:1:      lemuel_arrival_funnel, layout_loops_ring,
          shapermc_ecumenical_altar_rom_forum, minmay_tripent
D:2:      layout_basic, uniq_terence
D:3:      layout_basic, kennysheep_okawaru_gauntlet, portal_sewer_entry_f
D:4:      cheibrodos_quashed, layout_basic, mainiacjoe_overflow_six_doors_small,
          minitemple, minmay_manual_mares, uniq_eustachio

Skill      XL: |  1  2  3  4 |
---------------+-------------+-----
Long Blades    | 2 3 4 |  4.3
Fighting       | 2 3 |  3.1
Throwing       | 1 |  1.1
Armour         | |  1.4
Dodging        | |  1.3
Spellcasting   | |  1.7
Translocations | |  3.0

Action                   |  1- 3 |  4- 6 || total
-------------------------+-------+-------++-------
Melee: Falchion          |   123 |    57 ||   180
       Tailslap          |    14 |    19 ||    33
       Short sword       |       |    35 ||    35
Throw: Boomerang         |     6 |       ||     6
       Stone             |       |     8 ||     8
       Dart              |       |     3 ||     3
  Use: Scroll            |       |     1 ||     1
Armor: Leather armour    |    49 |       ||    49
       Ring mail         |    12 |    58 ||    70
Dodge: Dodged            |    47 |    40 ||    87

Table legend: (Time is in decaauts)
 A = Elapsed time spent in this place.
 B = Non-inter-level travel time spent in this place.
 C = Inter-level travel time spent in this place.
 D = Time resting spent in this place.
 E = Time spent auto-exploring this place.
 F = Levels seen in this place.
 G = Mean time per level.
                   A        B        C        D        E       F      G
               +--------+--------+--------+--------+--------+-----+--------+
         Total |   2814 |   2673 |    141 |    146 |   1900 |   5 |  562.8 |
       Dungeon |   2664 |   2523 |    141 |    139 |   1806 |   4 |  666.0 |
         Sewer |    150 |    150 |      0 |      7 |     94 |   1 |  150.0 |
               +--------+--------+--------+--------+--------+-----+--------+

Top non-repeatable levels by time:
     D:2: 1063 daAuts
     D:3: 789 daAuts
     D:1: 765 daAuts
   Sewer: 150 daAuts
     D:4: 46 daAuts
